 Dungeon Crawl Stone Soup version 0.29-a0-283-ga02f740833 (webtiles) character file.

Game seed: 2917665311988355234

1788 enile the Skirmisher (level 9, -4/57 HPs)
             Began as a Gargoyle Monk on Mar 13, 2022.
             Was an Initiate of Ashenzari.
             Slain by a fire elemental (14 damage)
             ... created by the fiery vengeance of Ignis
             ... on level 6 of the Dungeon.
             The game lasted 00:11:40 (6554 turns).

enile the Skirmisher (Gargoyle Monk)                Turns: 6554, Time: 00:11:40

Health: -4/57      AC: 17    Str: 25    XL:     9   Next: 8%
Magic:  9/9        EV: 10    Int:  7    God:    Ashenzari [......]
Gold:   313        SH:  4    Dex: 12    Spells: 8/8 levels left

rFire   . . .      SeeInvis +   c - +2 mace (protect)
rCold   . . .      Faith    .   (no shield)
rNeg    + . .      Spirit   .   y - +1 chain mail
rPois   ∞          Reflect  .   (no helmet)
rElec   +          Harm     .   (no cloak)
rCorr   .          Rampage  .   (no gloves)
Will    .....                   (no boots)
Stlth   ..........              (no amulet)
HPRegen 0.19/turn               f - +6 ring of strength
MPRegen 0.11/turn               q - ring of see invisible

@: invisible, fire susceptible
A: sickness immunity, AC +6, negative energy resistance 1, electricity
resistance, torment resistance 1, petrification resistance, large bone plates 1,
dopey 2, screaming 1
a: Renounce Religion


You were on level 6 of the Dungeon.
You worshipped Ashenzari.
Ashenzari was noncommittal.
You visited 2 branches of the dungeon, and saw 7 of its levels.

You collected 347 gold pieces.
You spent 34 gold pieces at shops.

Inventory:

Hand Weapons
 a - a +0 mace
 c - a +2 mace of protection (weapon)
 h - a +1 flail of holy wrath
Armour
 b - a +0 robe
 l - a +0 ring mail
 y - a +1 chain mail (worn)
Jewellery
 f - a +6 ring of strength (left hand)
 q - a ring of see invisible (right hand)
Wands
 z - a wand of polymorph (11)
Scrolls
 d - 2 scrolls of fear
 j - 2 scrolls of noise
 k - 3 scrolls of immolation {unknown}
 n - a scroll of teleportation
 o - a scroll of fog
 p - a scroll of blinking
 t - a scroll of torment {unknown}
 v - a scroll of brand weapon {unknown}
 w - a scroll of summoning {unknown}
 C - 3 scrolls of enchant weapon {unknown}
Potions
 g - a potion of haste
 m - a potion of resistance {unknown}
 r - 2 potions of degeneration {unknown}
 s - 2 potions of curing {unknown}
 u - a potion of brilliance {unknown}
 x - a potion of mutation
 A - a potion of ambrosia
 B - a potion of flight {unknown}


   Skills:
 - Level 7.0 Fighting
 - Level 6.0 Maces & Flails
 - Level 7.0 Armour
 + Level 4.0 Dodging
 - Level 2.4 Stealth
 - Level 3.0 Evocations


You had 8 spell levels left.
You didn't know any spells.
Your spell library contained the following spells:

 Spells                   Type           Power      Damage    Failure   Level
 Slow                     Hex            0%         N/A       95%         1
 Static Discharge         Conj/Air       0%         N/A       99%         2
 Call Canine Familiar     Summ           0%         N/A       100%        3
 Confusing Touch          Hex            0%         N/A       100%        3
 Portal Projectile        Hex/Tloc       0%         N/A       100%        3
 Vampiric Draining        Necr           0%         2d6       100%        3
 Dispel Undead            Necr           0%         3d6       100%        4
 Leda's Liquefaction      Hex/Erth       0%         N/A       100%        4
 Sticky Flame             Conj/Fire      0%         2d3       100%        4


Dungeon Overview and Level Annotations

Branches:
Dungeon (6/15)             Temple (1/1) D:5

Altars:
Ashenzari
Cheibriados
Dithmenos
Elyvilon
Fedhas
Gozag
Hepliaklqana
Kikubaaqudgha
Makhleb
Nemelex Xobeh
Okawaru
Qazlal
Ru
Sif Muna
Trog
Uskayaw
Wu Jian
Xom
Yredelemnul
Zin
The Shining One
Ignis

Shops:
D:3 *


Innate Abilities, Weirdness & Mutations

You are immune to sickness and miasma.
Your stone body is resilient. (AC +6)
You are immune to poison.
You resist negative energy. (rN+)
You are resistant to electric shocks. (rElec)
You are resistant to unholy torment.
You are immune to petrification.
You are partially covered in large bone plates. (SH +4)
You are very dopey. (Int -4)
You occasionally shout uncontrollably at your foes.


Message History

The gnoll shaman hits you but does no damage.
You hit the gnoll shaman.
The gnoll shaman is almost dead.
The gnoll shaman utters an invocation to its god.
The gnoll shaman is healed somewhat.
You hit the gnoll shaman but do no damage.
The gnoll shaman is heavily wounded.
The gnoll shaman mumbles some strange prayers to its god.
The gnoll shaman is healed somewhat.
You hit the gnoll shaman.
The gnoll shaman is heavily wounded.
The gnoll shaman hits you but does no damage.
You sock the gnoll shaman!
You kill the gnoll shaman!
Training target 7.0 for Armour reached!
Your Armour skill increases to level 7!
You need to enable at least one skill for training. "Burn!
Burn until nothing is left!"
The divine experience confuses you!
You are confused.
You yell at the fire elemental! 3 fire elementals come into view.
There are monsters nearby!
There are monsters nearby!
You're too confused to move!
The fire elemental completely misses you.
You're too confused to move!
The fire elemental hits you. The fire elemental burns you!
The fire elemental barely misses you.
You're too confused to move!
The fire elemental hits you. The fire elemental burns you!
The fire elemental barely misses you. The fire elemental hits you.
The fire elemental burns you! The fire elemental hits you.
The fire elemental burns you!
* * * LOW HITPOINT WARNING * * *
The fire elemental misses you. The fire elemental hits you.
The fire elemental burns you!
* * * LOW HITPOINT WARNING * * *
Okay, then.
It was a potion of invisibility.
You fade into invisibility!
You feel less confused. The fire elemental hits you.
The fire elemental burns you!
You die...

#......#.......####))#...........
#....#.#.g.....# #..#########'##
...............#####.# #........
#....###.......... ... .........#
............#..### #.####.#####.#
#...g###....#..#####.####.#####.#
#..........).....................
.....###....[........# #.##.##.#
##.....)........@#.##### .. #..
#.............EEE......... ....
##...###........○°........ ......
.........#.##.##.○....... ......
##...###...##.##........ ......
.#...###.........................
....................#####..#.....
.#...###...##.##.#..# #..#.....
#...###...##.##.#..#####........


You could see 3 fire elementals.

Vanquished Creatures
  Pikel (D:6)
  2 black bears
  An ogre (D:6)
  A centaur (D:6)
  3 phantoms (D:4)
  4 lemures (D:5)
  3 scorpions
  2 hounds (D:5)
  2 gnoll shamans
  3 iguanas
  3 orc wizards
  12 gnolls
  9 adders
  2 white imps (D:6)
  An ufetubus (D:6)
  3 dart slugs
  9 orcs
  9 endoplasms
  4 giant cockroaches
  3 hobgoblins
  8 kobolds
  5 quokkas
  9 ball pythons
  4 bats
  4 frilled lizards
  4 goblins
  A rat (D:3)
112 creatures vanquished.

Vanquished Creatures (others)
  113 foxfires
  3 plants (D:1)
116 creatures vanquished.

Grand Total: 228 creatures vanquished

Notes
Turn   | Place    | Note
-------+----------+-------------------------------------------
     0 | D:1      | enile the Gargoyle Monk began the quest for the Orb.
     0 | D:1      | Reached XP level 1. HP: 14/14 MP: 1/1
   101 | D:1      | Reached XP level 2. HP: 19/19 MP: 2/2
   119 | D:1      | Gained mutation: You are dopey. (Int -2) [potion of
                  | mutation]
   119 | D:1      | Gained mutation: You have hidden genetic defects. [potion
                  | of mutation]
   119 | D:1      | Gained mutation: You are partially covered in large bone
                  | plates. (SH +4) [potion of mutation]
   125 | D:1      | You fall into a shaft and drop 1 floor!
   368 | D:2      | Gained mutation: You occasionally shout uncontrollably at
                  | your foes. [hidden defects]
   549 | D:2      | Gained mutation: You are very dopey. (Int -4) [hidden
                  | defects]
   549 | D:2      | Lost mutation: You have hidden genetic defects. [hidden
                  | defects expressed]
  1105 | D:1      | Reached XP level 3. HP: 14/24 MP: 3/3
  1797 | D:1      | Found a faded altar of an unknown god.
  1878 | D:1      | Prayed at the altar of an unknown god.
  1878 | D:1      | Became a worshipper of Ignis, the Dying Flame
  1878 | D:1      | Reached ****** piety under Ignis
  2558 | D:3      | Reached XP level 4. HP: 30/30 MP: 4/4
  2721 | D:3      | Found Dabithumn's Assorted Antiques.
  2728 | D:3      | Bought a scroll labelled UDDEIVVONN for 17 gold pieces
  2728 | D:3      | Bought a scroll labelled AHOLAI RIME for 17 gold pieces
  2907 | D:3      | Reached skill level 5 in Fighting
  3023 | D:3      | Reached XP level 5. HP: 34/35 MP: 5/5
  3223 | D:4      | Noticed a phantom
  3242 | D:4      | Killed a phantom
  3355 | D:4      | Reached XP level 6. HP: 40/40 MP: 6/6
  3391 | D:4      | Reached skill level 5 in Maces & Flails
  4090 | D:4      | Reached skill level 1 in Armour
  4323 | D:5      | Entered Level 5 of the Dungeon
  4352 | D:4      | Reached XP level 7. HP: 33/46 MP: 7/7
  4573 | D:5      | Found a staircase to the Ecumenical Temple.
  4754 | D:5      | Reached skill level 5 in Armour
  5116 | D:6      | Noticed Pikel
  5136 | D:5      | Reached XP level 8. HP: 16/51 MP: 8/8
  5533 | D:6      | Killed Pikel
  5534 | D:6      | Reached skill level 1 in Evocations
  6017 | D:6      | Reached XP level 9. HP: 57/57 MP: 9/9
  6130 | Temple   | Entered the Ecumenical Temple
  6396 | Temple   | Fell from the grace of Ignis
  6396 | Temple   | Became a worshipper of Ashenzari the Shackled
  6554 | D:6      | Slain by a fire elemental

Illustrated notes

Levels and vault maps discovered:
D:1:      erik_arrival_triangle_medium, layout_basic, serial_forest,
          infiniplex_forest_lined_3, infiniplex_forest_zigzag_1,
          infiniplex_forest_clump_small, infiniplex_forest_clump_curved,
          infiniplex_forest_lined_3, infiniplex_forest_zigzag_2,
          shapermc_ecumenical_altar_mp_vishouse
D:2:      layout_rooms, st_stairs_10, minmay_misc_feat_nine_boxes
D:3:      layout_loops_ring, serial_shops, nicolae_shop_waterfront
D:4:      layout_basic, moated_statue, kennysheep_generic_room_3
D:5:      layout_rooms, minmay_temple_entry_gardened_gates
D:6:      layout_basic, ebering_ghost_disaster_area, uniq_pikel
Temple:   compressed_dpeg_triangle_lava_temple

Skill      XL: |  1  2  3  4  5  6  7  8  9 |
---------------+----------------------------+-----
Fighting       | 4 5 6 7 |  7.0
Dodging        | 3 4 |  4.0
Maces & Flails | 4 5 6 |  6.0
Armour         | 3 6 7 |  7.0
Evocations     | 3 |  3.0
Stealth        | |  2.4

Action                   |  1- 3 |  4- 6 |  7- 9 || total
-------------------------+-------+-------+-------++-------
Melee: Mace              |   100 |   125 |   165 ||   390
       Punch             |     2 |     1 |     2 ||     5
Throw: Throwing net      |       |       |     1 ||     1
Invok: Foxfire Swarm     |       |     2 |     5 ||     7
       Fiery Armour      |       |     1 |     3 ||     4
  Use: Potion            |     2 |       |     2 ||     4
       Scroll            |     1 |     4 |     2 ||     7
 Stab: Sleeping          |     6 |     1 |       ||     7
       Distracted        |     1 |       |       ||     1
Armor: Robe              |    26 |       |       ||    26
       Ring mail         |     2 |    61 |    26 ||    89
       Chain mail        |       |       |   115 ||   115
Dodge: Dodged            |    73 |    77 |   107 ||   257
Block: Other             |    15 |    32 |    50 ||    97

Table legend: (Time is in decaauts)
 A = Elapsed time spent in this place.
 B = Non-inter-level travel time spent in this place.
 C = Inter-level travel time spent in this place.
 D = Time resting spent in this place.
 E = Time spent auto-exploring this place.
 F = Levels seen in this place.
 G = Mean time per level.
                   A        B        C        D        E       F      G
               +--------+--------+--------+--------+--------+-----+--------+
         Total |   6610 |   6261 |    349 |    825 |   4315 |   7 |  944.3 |
       Dungeon |   6238 |   5899 |    339 |    825 |   4007 |   6 | 1039.7 |
        Temple |    371 |    362 |      9 |      0 |    308 |   1 |  371.0 |
               +--------+--------+--------+--------+--------+-----+--------+

Top non-repeatable levels by time:
     D:1: 1632 daAuts
     D:3: 1048 daAuts
     D:4: 1032 daAuts
     D:5: 896 daAuts
     D:2: 818 daAuts
     D:6: 809 daAuts
  Temple: 371 daAuts
